 Dungeon Crawl Stone Soup version 0.16-a0-3153-gc6d0c83 (webtiles) character file.

155 Ololoev the Slasher (level 5, -1/41 HPs)
             Began as a Mummy Chaos Knight on Dec 15, 2014.
             Was a Plaything of Xom.
             Slain by a phantom (2 damage)
             ... on level 4 of the Dungeon.
             The game lasted 00:05:09 (1909 turns).

Ololoev the Slasher (Mummy Chaos Knight)            Turns: 1909, Time: 00:05:09

Health: -1/41      AC:  8    Str: 16    XL:     5   Next: 14%
Magic:  5/5        EV: 11    Int: 11    God:    Xom [..*...]
Gold:   120        SH:  0    Dex: 11    Spells: 0 memorised, 4 levels left

rFire  x . .     SeeInvis .     a - +1 falchion (chaos)
rCold  + . .     Clarity  .     b - +2 leather armour
rNeg   + + +     SustAb   .     (no shield)
rPois  ∞         Gourm    .     (no helmet)
rElec  .         Spirit   .     c - +1 cloak
rCorr  .         Warding  .     (no gloves)
rMut   .         Stasis   .     (no boots)
MR     .....                    (no amulet)
Stlth  +.........               (no ring)
                                k - +1 ring of protection

@: not resistant to hostile enchantments, very unstealthy
A: no food or potions, fire vulnerability, restore body, cold resistance 1,
negative energy resistance 3, poison resistance, torment resistance, unbreathing
a: Renounce Religion


You were on level 4 of the Dungeon.
You worshipped Xom.
You were a toy of Xom.
You were not hungry.

You visited 1 branch of the dungeon, and saw 4 of its levels.

You collected 120 gold pieces.

Notes
Turn   | Place    | Note
--------------------------------------------------------------
     0 | D:1      | Ololoev, the Mummy Chaos Knight, began the quest for the Orb.
     0 | D:1      | Reached XP level 1. HP: 18/18 MP: 1/1
   243 | D:1      | Reached XP level 2. HP: 13/24 MP: 2/2
   370 | D:1      | XOM: harmless Hex miscast
   423 | D:1      | XOM: divination: detect items
   707 | D:1      | XOM: smoke on damage
   757 | D:2      | Reached XP level 3. HP: 25/29 MP: 3/3
   824 | D:2      | XOM: divination: detect creatures
   903 | D:2      | Noticed Terence
   912 | D:2      | Killed Terence
   912 | D:2      | Reached skill level 4 in Long Blades
  1005 | D:2      | Reached XP level 4. HP: 31/35 MP: 4/4
  1028 | D:2      | XOM: harmless Tloc miscast
  1033 | D:2      | Found a shattered altar of Ashenzari.
  1397 | D:2      | XOM: scenery: create altars
  1707 | D:3      | Reached XP level 5. HP: 26/41 MP: 5/5
  1843 | D:3      | Noticed Robin
  1888 | D:4      | Noticed a phantom
  1908 | D:4      | HP: 1/41 [something (2)]
  1909 | D:4      | Slain by a phantom

Inventory:

Hand weapons
 a - a +1 falchion of chaos (weapon)
Armour
 b - a +2 leather armour (worn)
 c - a +1 cloak (worn)
Jewellery
 k - a +1 ring of protection (left hand)
Scrolls
 d - a scroll of blinking

Table legend:
 A = Turns spent in this place as a percentage of turns spent in the entire game.
 B = Non-inter-level travel turns spent in this place as a percentage of non-inter-level travel turns spent in the entire game.
 C = Inter-level travel turns spent in this place as a percentage of turns spent in this place.
 D = Turns resting spent in this place as a percentage of non-inter-level travel turns spent in this place.
 E = Turns spent auto-exploring this place as a percentage of non-inter-level travel turns spent in this place.
 F = Non-inter-level travel turns spent in this place divided by the number of levels of this place that you've seen.
                   A       B       C       D       E      F
               +-------+-------+-------+-------+-------+----------------------
         Total | 100.0 | 100.0 |   0.3 |   1.8 |   8.5 | 253.5
       Dungeon | 100.0 | 100.0 |   0.3 |   1.8 |   8.5 | 253.5
               +-------+-------+-------+-------+-------+----------------------


   Skills:
 - Level 3.0 Fighting
 * Level 4.8 Long Blades
 - Level 1.5 Armour
 - Level 0.7 Dodging


You had 4 spell levels left.
You didn't know any spells.

Dungeon Overview and Level Annotations

Branches:
Dungeon (4/15)
 Temple: D:4-7

Altars:
Ashenzari
Xom

Annotations:
D:3 Robin


Innate Abilities, Weirdness & Mutations

You do not eat or drink.
Your flesh is vulnerable to fire.
Your flesh is cold resistant.
You are immune to negative energy.
Your system is resistant to poisons.
You are immune to unholy pain and torment.
You can survive without breathing.


Message History

The phantom is lightly damaged.
The phantom closely misses you.
You slash the phantom! You burn the phantom.
The phantom is moderately damaged.
The phantom closely misses you.
The phantom blinks!
You now have 120 gold pieces (gained 18).
You are too injured to fight recklessly!
You are too injured to fight recklessly!
You are too injured to fight recklessly!
You slash the phantom!
The phantom is severely damaged.
The phantom barely misses you.
You closely miss the phantom.
The phantom is severely damaged.
The phantom hits you! The phantom barely misses you.
You hit the phantom but do no damage.
The phantom is heavily damaged.
The phantom closely misses you.
You hit the phantom.
The phantom is severely damaged.
The phantom hits you but does no damage.
You hit the phantom but do no damage.
You heal the phantom.
The phantom is heavily damaged. x2
The phantom hits you.
You hit the phantom but do no damage.
The phantom is heavily damaged.
The phantom closely misses you.
You hit the phantom.
The phantom flickers and vanishes!
Deactivating autopickup; reactivate with Ctrl-A.
Something hits you but does no damage.
You miss something. Something hits you.
You closely miss something. Something hits you but does no damage.
You miss something. Something hits you but does no damage.
You barely miss something. Something hits you but does no damage.
You hit something.
Nothing appears to happen.
Something hits you.
You closely miss something. Something completely misses you.
Something hits you.
You miss something. Something hits you.
You die... "This toy is broken."

# .#
.##########(.#
.......{@...#
............#
..########.#
..( .... .###
#


There were no monsters in sight!

Table legend:
 A = Kills in this place as a percentage of kills in entire the game.
 B = Kills by you in this place as a percentage of kills by you in the entire game.
 C = Kills by friends in this place as a percentage of kills by friends in the entire game.
 D = Other kills in this place as a percentage of other kills in the entire game.
 E = Experience gained in this place as a percentage of experience gained in the entire game.
 F = Experience gained in this place divided by the number of levels of this place that you have seen.
                   A       B       C       D       E      F
               +-------+-------+-------+-------+-------+----------------------
         Total | 100.0 | 100.0 |  -nan |  -nan | 100.0 |  55.5
       Dungeon | 100.0 | 100.0 |  -nan |  -nan | 100.0 |  55.5
               +-------+-------+-------+-------+-------+----------------------

Vanquished Creatures
  An orc priest (D:3)
  Terence (D:2)
  6 adders
  A gnoll (D:1)
  A giant gecko (D:2)
  3 orcs
  2 ball pythons
  2 giant cockroaches
  A hobgoblin (D:1)
  5 jackals (D:2)
  10 kobolds
  A quokka (D:2)
  8 bats
  2 giant newts
  10 goblins
  4 rats
58 creatures vanquished.

Action                   |  1- 3 |  4- 6 || total
-------------------------+-------+-------++-------
Melee: Falchion          |   102 |   111 ||   213
  Use: Scroll            |       |     6 ||     6
 Stab: Paralysed         |       |     1 ||     1

Vault maps used:
D:1:      dpeg_arrival_leaves_temple_mockup
D:2:      ashenzari_conservatory_becter, grunt_ministairs_14, minivault_25,
          uniq_terence
D:3:      bloody_makhleb, uniq_robin, uniq_jessica
D:4:      portal_sewer_entry_d
